Map: Ley Lines

Players

kitune

  • Race: Zerg Zerg
  • Spawn Location: 7:00

frugs - Winner!

  • Race: Terran Terran
  • Spawn Location: 1:00

VOD

Have the link to the VOD?

Description

Time

  • Played on: May 14, 2025, 6:32 p.m.
  • Length: 6:03
Show
View Real Time Build Order
Export as new Build Order

kitune Zerg 

Build Orders: Pool First 

Get SALT Encoding   

  12  0:01  Drone  
  13  0:12  Overlord  
  13  0:17  Drone  
  14  0:31  Drone x2  
  16  0:41  Spawning Pool  
  15  0:45  Drone  
  16  0:50  Drone  
  17  1:11  Hatchery  
  17  1:12  Drone  
  17  1:15  Extractor  
  16  1:28  Zergling x2  
  16  1:29  Zergling x4  
  19  1:36  Queen  
  21  1:46  Drone  
  22  1:54  Overlord  
  22  2:12  Queen  
  24  2:16  Drone  
  24  2:17  Drone  
  24  2:18  Metabolic Boost  
  26  2:23  Drone  
  27  2:42  Drone x3  
  29  2:46  Drone x4  
  31  3:00  Lair  
  31  3:06  Extractor  
  31  3:10  Queen  
  32  3:15  Drone  
  32  3:16  Drone x2  
  35  3:23  Overlord  
  35  3:26  Overlord  
  35  3:32  Drone  
  36  3:35  Overlord  
  36  3:41  Drone x2, Extractor  
  35  3:44  Drone  
  35  3:47  Zergling x2  
  35  3:48  Zergling x2  
  40  4:00  Spire  
  40  4:01  Drone  
  41  4:02  Drone  
  41  4:04  Drone  
  42  4:10  Drone x2  
  42  4:15  Drone  
  42  4:16  Drone  
  46  4:17  Extractor  
  46  4:21  Drone x2  
  46  4:22  Drone  
  48  4:25  Drone x2  
  50  4:35  Baneling Nest  
  49  4:39  Drone x2  
  49  4:44  Zergling x10  
  56  5:02  Zergling x2  
  56  5:03  Zergling x6  
  60  5:10  Overlord x3  
  60  5:11  Overlord x2  
  59  5:28  Drone  
  57  5:42  Zergling x12  
Show
View Real Time Build Order
Export as new Build Order

frugs Terran - Winner!

Build Orders: 2 Factory 

Get SALT Encoding   

  12  0:00  SCV  
  13  0:12  SCV  
  14  0:17  Supply Depot  
  14  0:25  SCV  
  15  0:38  SCV  
  15  0:39  Barracks  
  16  0:43  Refinery  
  16  0:50  SCV  
  17  1:04  SCV  
  18  1:16  SCV  
  19  1:27  Marine  
  19  1:28  Orbital Command  
  20  1:40  Command Center  
  20  1:52  Factory  
  20  1:54  SCV  
  20  2:00  Supply Depot  
  21  2:06  Barracks Reactor  
  22  2:08  SCV  
  22  2:12  Refinery  
  22  2:20  SCV  
  23  2:32  SCV  
  23  2:33  Supply Depot  
  21  3:17  Hellion  
  21  3:18  Hellion  
  21  3:19  Factory  
  25  3:20  SCV  
  26  3:33  Supply Depot  
  26  3:37  SCV  
  26  3:38  Orbital Command  
  26  3:39  Hellion x2  
  31  3:49  SCV  
  31  3:51  Barracks Tech Lab  
  32  4:01  SCV  
  37  4:03  Hellion x2  
  37  4:06  Supply Depot  
  37  4:11  Orbital Command  
  37  4:17  Hellion  
  37  4:18  Infernal Pre-Igniter  
  37  4:23  SCV  
  40  4:34  Hellion x2  
  44  4:38  Hellion  
  46  4:53  SCV  
  46  4:55  Hellion x2  
  53  5:00  Hellion  
  53  5:05  SCV  
  53  5:06  SCV  
  55  5:10  Supply Depot  
  55  5:25  SCV x2  
  57  5:29  Hellion x2  
  57  5:30  Command Center  
  61  5:37  SCV x2  
  59  5:49  SCV  
  59  5:50  SCV  
  59  5:54  Factory  
  59  5:55  Armory  
Tags
 
Add a new tag
Caveats
  • Supply blocks, unpowered buildings, or Contaminate may cause inaccurate times.
  • Supply counts are checked every 10 seconds.